 Dungeon Crawl Stone Soup version 0.25.1-2-g60ff931df9 (webtiles) character file.

Game seed: 10238785112304221221

17099 Curus the Bludgeoner (level 12, -4/66 HPs)
             Began as a Gargoyle Monk on Nov 10, 2020.
             Was a High Priest of Okawaru.
             Killed from afar by a lindwurm (34 damage)
             ... with a blast of flame
             ... in a volcano.
             The game lasted 00:54:00 (11357 turns).

Curus the Bludgeoner (Gargoyle Monk)               Turns: 11357, Time: 00:54:01

Health: -4/66      AC: 30    Str: 17    XL:     12   Next: 44%
Magic:  15/16      EV:  8    Int: 10    God:    Okawaru [*****.]
Gold:   610        SH: 15    Dex: 16    Spells: 11/11 levels left

rFire    . . .     SeeInvis +   x - +3 morningstar (holy)
rCold    . . .     Gourm    .   C - +3 kite shield {AC+3}
rNeg     + + .     Faith    .   G - +2 plate armour {MR+}
rPois    ∞         Spirit   .   E - +0 helmet
rElec    +         Reflect  .   l - +0 cloak
rCorr    .         Harm     .   (no gloves)
MR       ++...                  j - +0 pair of boots
Stlth    ..........             e - amulet of regeneration
HPRegen  0.61/turn              p - ring of positive energy
MPRegen  0.15/turn              O - ring of Gucsom {MR+ SInv}

@: heroism
A: negative energy resistance 1, electricity resistance, unbreathing,
petrification resistance, rot immunity, AC +8
a: Heroism, Finesse, Renounce Religion


You were in a volcano.
You worshipped Okawaru.
Okawaru was extremely pleased with you.
You were very hungry.

You visited 3 branches of the dungeon, and saw 14 of its levels.
You also visited: Volcano.

You collected 785 gold pieces.
You spent 175 gold pieces at shops.

Inventory:

Hand Weapons
 a - a +0 mace
 h - a +1 morningstar
 o - a +0 flail
 x - a +3 morningstar of holy wrath (weapon)
 L - a +2 dire flail of draining
 N - a +3 arbalest of freezing
Armour
 b - a +0 robe
 f - a +1 leather armour
 g - a +0 scale mail
 j - a +0 pair of boots (worn)
 l - a +0 cloak (worn)
 n - +3 pearl dragon scales
 C - a +3 kite shield of protection (worn)
 E - a +0 helmet (worn)
 G - a +2 plate armour of magic resistance (worn)
Jewellery
 e - an amulet of regeneration (around neck)
 p - a ring of positive energy (left hand)
 q - an uncursed amulet of faith
 r - an uncursed amulet of guardian spirit
 y - a cursed amulet of inaccuracy
 O - the ring of Gucsom (right hand) {MR+ SInv}
   (You found it on level 2 of the Lair of Beasts)

   [ring of see invisible]

   It affects your resistance to hostile enchantments.
   It lets you see invisible.
Wands
 u - a wand of clouds (2)
 D - a wand of acid (9)
 F - a wand of disintegration (14)
 H - a wand of polymorph (7)
 M - a wand of random effects (19)
Scrolls
 m - 12 scrolls of identify
 s - 5 scrolls of fog
 t - 7 scrolls of teleportation
 w - 3 scrolls of remove curse
 B - a scroll of amnesia
 K - a scroll of enchant weapon
Potions
 d - 4 potions of curing
 i - a potion of heal wounds
 k - 7 potions of degeneration
 v - a potion of stabbing
 z - 2 potions of haste
 A - a potion of ambrosia
Miscellaneous
 J - a phantom mirror
Comestibles
 c - 14 rations


   Skills:
 - Level 4.0(9.0) Fighting
 - Level 16.4(21.4) Maces & Flails
 - Level 2.0(7.0) Armour
 - Level 2.4(7.4) Dodging
 - Level 2.1(7.1) Stealth
 + Level 6.1(11.1) Shields
 + Level 6.1 Invocations
 + Level 5.1 Evocations


You had 11 spell levels left.
You didn't know any spells.
Your spell library contained the following spells:

 Spells                   Type           Power        Failure   Level  Hunger
 Animate Skeleton         Necr           N/A          100%        1    ##.....
 Apportation              Tloc           #.....       100%        1    ##.....
 Corona                   Hex            #......      100%        1    ##.....
 Freeze                   Ice            #...         100%        1    ##.....
 Summon Small Mammal      Summ           #...         100%        1    ##.....
 Frozen Ramparts          Ice            #.....       100%        3    ####...
 Ozocubu's Armour         Chrm/Ice       #.......     100%        3    ####...
 Hailstorm                Conj/Ice       #.......     100%        4    #####..
 Summon Ice Beast         Ice/Summ       #.......     100%        4    #####..


Dungeon Overview and Level Annotations

Branches:
Dungeon (11/15)            Temple (1/1) D:4            Lair (2/6) D:11
 Spider (0/4) Lair:2          Orc (0/2) D:9         Volcano (1/1)
  Swamp: Lair:2-4    Shoals: Lair:2-4

Altars:
Ashenzari
Cheibriados
Elyvilon
Fedhas
Hepliaklqana
Kikubaaqudgha
Nemelex Xobeh
Okawaru
Sif Muna
Yredelemnul
Zin
The Shining One

Shops:
D:7 (   D:9 (

Annotations:
Lair:1 exclusion: oklob plant


Innate Abilities, Weirdness & Mutations

You are resistant to torment.
Your stone body is resilient. (AC +8)
You are immune to poison.
You resist negative energy. (rN+)
You are resistant to electric shocks. (rElec)
You can survive without breathing.
You are immune to petrification.
You are immune to rotting.


Message History

You block the fire bat's attack. The lindwurm breathes flames at you.
The blast of flame hits the fire bat.
The fire bat completely resists.
The blast of flame misses you.
Your shield and plate armour prevent you from hitting the fire bat.
The fire bat is severely wounded.
You block the fire bat's attack.
You barely miss the fire bat.
The fire bat is severely wounded.
You block the fire bat's attack.
The fire bat bites you but does no damage.
You sock the fire bat!
You kill the fire bat!
Okawaru accepts your kill.
The fire bat bites you but does no damage.
The lindwurm breathes flames at you.
The blast of flame hits the fire bat.
The fire bat completely resists.
The blast of flame hits you!!
Ouch! That really hurt!
You die... ≈≈≈≈≈§§§§≈≈§§≈≈§≈§≈§≈≈≈≈≈≈≈§≈≈§≈§ §≈§≈§§§§≈≈≈≈≈≈§§§≈≈§≈≈≈≈§≈§≈§≈§§≈ ≈§≈§§§≈§....§..§§§......§§§§≈§§§≈ ≈§§≈§≈≈.#################§§§≈≈§≈≈ §§≈§≈≈≈.# +.....+ #.§≈≈≈≈§≈ §≈§§≈≈≈.# .8_8. #.§○○○≈☼≈ §≈§§≈≈≈.# kbh

#.≈○§°☼§○
≈≈≈≈§≈≈.###++###b###++###.≈§°○§≈≈
≈≈≈≈≈≈≈.#......#@#......#.≈°≈°≈≈○
§≈≈§≈§≈.######.#.#.######.≈§§§≈≈.
≈§≈≈≈≈≈.# #.# #.≈≈≈≈..○ ≈§§§≈≈≈.#
#.# #.≈≈..≈≈≈ ≈§§§§§§§# #.#
#...≈≈≈°° ≈§≈≈≈≈§§# #.# #.§≈○§≈°°
≈≈§≈≈≈≈.########'########.≈≈≈≈≈≈≈
≈≈§§≈≈○≈°...§§........§..≈≈≈≈≈§≈○
≈≈§§≈°○○≈§≈≈≈§≈§§≈§≈≈≈≈§§≈≈≈≈≈§≈≈


You could see a lindwurm (catching breath), a hell hound and 2 fire bats.

Vanquished Creatures
  2 hydras (Lair:2)
  2 skeletal warriors (D:11)
  A cyclops (D:11)
  A manticore (D:11)
  3 elephants (Lair:2)
  2 komodo dragons
  2 hippogriffs
  8 blink frogs
  A wraith (D:10)
  Sigmund (D:5)
  A wyvern (Lair:1)
  2 basilisks
  12 yaks
  5 fire bats (Volcano)
  Menkaure (D:7)
  3 porcupines
  3 water moccasins
  6 orc warriors
  An eye of draining (D:10)
  2 sky beasts
  2 ice beasts
  7 phantoms
  9 ogres
  4 wolves (Lair:2)
  11 centaurs
  The ghost of DogServant the Ducker, an amateur MfGl (D:3)
  4 crocodiles
  3 big kobolds
  7 bullfrogs
  2 wyvern zombies
  A gnoll sergeant (D:9)
  4 scorpions
  2 wyvern skeletons
  2 howler monkeys (D:7)
  An electric eel (Lair:2)
  5 crimson imps
  3 lava snakes (Volcano)
  A bullfrog zombie (D:11)
  A centaur zombie (D:10)
  3 hounds (D:9)
  4 jellies
  9 orc priests
  3 bullfrog skeletons
  A centaur skeleton (D:7)
  3 iguanas
  6 orc wizards
  A worker ant (D:5)
  2 hound skeletons
  A worker ant zombie (D:8)
  11 gnolls
  4 adders
  3 shadow imps
  2 oozes
  An adder zombie (D:6)
  4 worms
  3 dart slugs
  4 leopard geckos
  31 orcs
  12 bats
  3 giant cockroaches
  7 goblins
  8 hobgoblins
  6 jackals
  4 quokkas
  2 ball pythons
  3 frilled lizards
  21 kobolds
  A leopard gecko zombie (D:5)
  A quokka skeleton (D:7)
  9 rats
302 creatures vanquished.

Vanquished Creatures (others)
  2 fungi (D:3)
  2 plants (D:3)
4 creatures vanquished.

Grand Total: 306 creatures vanquished

Notes
Turn   | Place    | Note
-------+----------+-------------------------------------------
     0 | D:1      | Curus the Gargoyle Monk began the quest for the Orb.
     0 | D:1      | Reached XP level 1. HP: 14/14 MP: 1/1
   107 | D:1      | Reached XP level 2. HP: 19/19 MP: 2/2
   540 | D:1      | Reached skill level 4 in Maces & Flails
   595 | D:1      | Reached XP level 3. HP: 19/23 MP: 3/3
  1318 | D:2      | Reached XP level 4. HP: 27/28 MP: 4/4
  1386 | D:2      | Found a hazy altar of Hepliaklqana.
  1500 | D:2      | Reached skill level 5 in Maces & Flails
  1638 | D:3      | Reached XP level 5. HP: 32/32 MP: 5/5
  1913 | D:3      | Reached skill level 6 in Maces & Flails
  1919 | D:3      | Found a runed translucent gate.
  1920 | D:3      | Found a runed translucent gate.
  1921 | D:3      | Noticed DogServant's ghost (amateur MfGl)
  1933 | D:3      | Found a runed translucent gate.
  1934 | D:3      | Noticed a big kobold
  1934 | D:3      | Noticed a big kobold
  2021 | D:3      | Noticed an ice beast
  2217 | D:3      | Killed an ice beast
  2217 | D:3      | Reached XP level 6. HP: 24/37 MP: 6/6
  2902 | D:4      | Noticed a phantom
  2912 | D:4      | Reached skill level 7 in Maces & Flails
  2945 | D:4      | Killed a phantom
  2990 | D:4      | Reached XP level 7. HP: 29/41 MP: 7/7
  2994 | D:4      | Reached skill level 8 in Maces & Flails
  3319 | D:4      | Reached skill level 9 in Maces & Flails
  3431 | D:4      | Reached XP level 8. HP: 41/46 MP: 8/8
  3496 | D:4      | Found a staircase to the Ecumenical Temple.
  3504 | Temple   | Entered the Ecumenical Temple
  3515 | Temple   | Became a worshipper of Warmaster Okawaru
  3515 | Temple   | Reached * piety under Okawaru
  3515 | Temple   | Reached ** piety under Okawaru
  3647 | D:5      | Entered Level 5 of the Dungeon
  3690 | D:5      | Noticed Sigmund
  3702 | D:5      | Killed Sigmund
  3702 | D:5      | Reached skill level 10 in Maces & Flails
  4215 | D:5      | Found an iron altar of Okawaru.
  4698 | D:6      | Reached skill level 11 in Maces & Flails
  4948 | D:6      | Reached *** piety under Okawaru
  5326 | D:7      | Reached XP level 9. HP: 43/51 MP: 9/9
  5533 | D:7      | Reached skill level 12 in Maces & Flails
  5774 | D:7      | Found Cichir's Antique Weapon Boutique.
  5782 | D:7      | Bought a runed morningstar for 175 gold pieces
  5800 | D:7      | Noticed Menkaure
  5805 | D:7      | Killed Menkaure
  6086 | D:8      | Reached skill level 13 in Maces & Flails
  6171 | D:8      | Reached **** piety under Okawaru
  6417 | D:8      | Reached XP level 10. HP: 56/56 MP: 10/10
  6519 | D:8      | Found a hazy altar of Hepliaklqana.
  6805 | D:8      | Reached skill level 14 in Maces & Flails
  6985 | D:9      | Found Diexaots's Weapon Shoppe.
  6985 | D:9      | Found a staircase to the Orcish Mines.
  7101 | D:9      | Found a basalt altar of Yredelemnul.
  7129 | D:9      | Reached ***** piety under Okawaru
  7530 | D:10     | Entered Level 10 of the Dungeon
  7599 | D:10     | Reached skill level 15 in Maces & Flails
  8396 | D:11     | Noticed a manticore
  8398 | D:11     | Noticed a skeletal warrior
  8399 | D:11     | Noticed a skeletal warrior
  8400 | D:11     | Received a gift from Okawaru
  8416 | D:11     | Killed a manticore
  8416 | D:11     | Reached XP level 11. HP: 60/60 MP: 8/11
  8418 | D:11     | Killed a skeletal warrior
  8418 | D:11     | Reached skill level 16 in Maces & Flails
  8423 | D:11     | Killed a skeletal warrior
  8437 | D:11     | Noticed a cyclops
  8449 | D:11     | Killed a cyclops
  8468 | D:11     | Noticed a red ugly thing
  8600 | D:11     | Reached skill level 1 in Armour
  8630 | D:11     | Found a staircase to the Lair.
  8870 | D:3      | Killed DogServant's ghost
  9199 | Lair:1   | Entered Level 1 of the Lair of Beasts
  9435 | Lair:1   | Reached skill level 1 in Shields
  9435 | Lair:1   | Reached skill level 1 in Invocations
  9469 | Lair:1   | Reached skill level 1 in Evocations
  9921 | Lair:1   | Noticed an oklob plant
 10064 | Lair:1   | Received a gift from Okawaru
 10286 | Lair:2   | Reached XP level 12. HP: 32/66 MP: 15/15
 10393 | Lair:2   | Found a hole to the Spider Nest.
 10434 | Lair:2   | Reached skill level 5 in Shields
 10434 | Lair:2   | Reached skill level 5 in Invocations
 10521 | Lair:2   | Noticed a six-headed hydra
 10534 | Lair:2   | Killed a six-headed hydra
 10534 | Lair:2   | Received a gift from Okawaru
 10644 | Lair:2   | Noticed a four-headed hydra
 10659 | Lair:2   | Killed a four-headed hydra
 10814 | Lair:2   | Got a sparkling lead ring
 10816 | Lair:2   | Identified the ring of Gucsom {MR+ SInv} (You found it on
                  | level 2 of the Lair of Beasts)
 10817 | Lair:2   | Found a dark tunnel.
 10825 | Volcano  | Entered a volcano
 10972 | Volcano  | Reached skill level 5 in Evocations
 11334 | Volcano  | Found a radiant altar of Vehumet.
 11357 | Volcano  | Killed from afar by a lindwurm

Illustrated notes

Levels and vault maps discovered:
D:1:      nagdon_arrival_zigzag_paths, layout_basic
D:2:      layout_loops_cross, lemuel_round_altar
D:3:      layout_basic, gammafunk_ghost_nasty_kobolds
D:4:      layout_loops_ring, temple_fountains
D:5:      layout_loops_ring, first_ration, okawaru_ov_weapons_minmay,
          uniq_sigmund
D:6:      layout_cave_pods, minmay_misc_feat_tiny
D:7:      layout_basic, serial_shops, shop, uniq_menkaure
D:8:      layout_basic, lemuel_tele_altar
D:9:      layout_rooms, orc_david_3, basic_altar
D:10:     layout_stronghold
D:11:     layout_long_grid, lair_entry_dummy, grunt_ogre_cave, uniq_gastronok
Temple:   grunt_wide_crystal_templ
Lair:1:   layout_cave_pods, st_stairs_6, grunt_megastairs_4,
          minmay_lair_oklob_chamber
Lair:2:   layout_roguey, spider_nest_entry_web_field,
          nicolae_volcano_entry_hallway, st_stairs_4, serial_bayou_lagoon_b
Volcano:  volcano_lake [vl_original]

Skill      XL: |  1  2  3  4  5  6  7  8  9 10 11 12 |
---------------+-------------------------------------+-----
Maces & Flails | 4 5 6 7 9 11 13 15 16 | 16.4
Armour         | 2 |  2.0
Fighting       | 4 |  4.0
Shields        | 4 6 |  6.1
Invocations    | 4 6 |  6.1
Evocations     | 3 5 |  5.1
Dodging        | |  2.4
Stealth        | |  2.1

Action                   |  1- 3 |  4- 6 |  7- 9 | 10-12 || total
-------------------------+-------+-------+-------+-------++-------
Melee: Mace              |    95 |    21 |       |       ||   116
       Flail             |       |    42 |       |       ||    42
       Morningstar       |       |    75 |   349 |   750 ||  1174
       Punch             |       |       |       |     2 ||     2
Invok: Heroism           |       |       |       |     5 ||     5
Evoke: Wand              |       |       |       |     2 ||     2
  Use: Scroll            |     4 |     4 |     8 |     7 ||    23
       Potion            |     6 |     1 |     3 |     3 ||    13
 Stab: Sleeping          |     3 |       |       |       ||     3
       Invisible         |       |       |     1 |       ||     1
  Eat: Chunk             |     1 |     6 |     8 |    15 ||    30
       Ration            |       |       |     1 |       ||     1
Armor: Robe              |    12 |       |       |       ||    12
       Leather armour    |     6 |       |       |       ||     6
       Scale mail        |    17 |     3 |       |       ||    20
       Pearl dragon scal |       |    97 |   197 |   149 ||   443
       Plate armour      |       |       |       |   439 ||   439
Dodge: Dodged            |    57 |    74 |   132 |   190 ||   453
Block: Kite shield       |       |       |       |   345 ||   345
